Map: Deathaura LE

Players

A.I. 1 (Very Easy)

  • Race: Protoss Protoss
  • Spawn Location: 5:00

rottenorange - Winner!

  • Race: Zerg Zerg
  • League: Bronze
  • Spawn Location: 11:00

VOD

Have the link to the VOD?

Description

Time

  • Played on: Oct. 8, 2020, 3:20 p.m.
  • Length: 13:10
Show
View Real Time Build Order
Export as new Build Order

A.I. 1 (Very Easy) Protoss 

Build Orders:  

Get SALT Encoding   

  12  0:00  Probe  
  13  0:13  Probe  
  14  0:20  Pylon  
  14  0:36  Assimilator  
  14  0:42  Gateway  
  14  0:46  Pylon  
  14  1:13  Assimilator  
  14  1:22  Probe  
  14  1:23  Zealot  
  14  1:30  Probe  
  17  1:35  Cybernetics Core  
  18  1:40  Probe  
  19  1:52  Probe  
  20  2:01  Probe  
  21  2:09  Probe  
  21  2:11  Warp Gate  
  22  2:44  Stalker  
  24  4:05  Probe  
  24  4:24  Zealot  
  24  4:29  Pylon  
  22  4:35  Probe  
  20  4:48  Probe  
  19  4:53  Stalker  
  20  5:00  Probe  
  21  5:10  Probe  
  22  5:22  Zealot  
  22  5:51  Stalker  
  24  7:18  Probe  
  25  7:23  Adept  
  25  7:25  Robotics Facility  
  25  7:26  Probe  
  27  7:32  Nexus  
  27  7:35  Probe  
  29  7:45  Probe  
  30  7:52  Pylon  
  30  7:53  Probe  
  31  8:14  Observer  
  32  8:25  Zealot  
  30  8:35  Observer  
  31  8:43  Probe  
  32  8:52  Probe  
  32  8:54  Assimilator  
  32  8:55  Probe  
  33  8:56  Assimilator  
  34  9:06  Probe  
  35  9:13  Probe  
  36  9:21  Probe  
  37  9:25  Stalker  
  37  9:28  Probe  
  40  9:35  Probe  
  41  9:40  Probe  
  42  9:49  Probe  
  42  9:52  Probe  
  44  10:03  Probe  
  45  10:11  Probe  
  46  10:18  Probe  
  47  10:24  Probe  
  48  11:54  Zealot  
  44  12:18  Probe  
  36  12:23  Zealot  
  36  12:26  Probe  
  36  12:29  Pylon  
  20  12:36  Probe  
Show
View Real Time Build Order
Export as new Build Order

rottenorange Zerg - Winner!

Build Orders: Hatch First 

Get SALT Encoding   

  12  0:00  Drone  
  13  0:13  Drone  
  14  0:17  Overlord  
  14  0:35  Drone  
  14  0:36  Drone  
  14  0:38  Drone  
  18  0:50  Drone  
  18  0:59  Hatchery  
  18  1:01  Drone  
  18  1:10  Extractor  
  17  1:15  Spawning Pool  
  17  1:18  Drone  
  17  1:24  Drone  
  18  1:33  Drone  
  19  1:44  Drone  
  20  1:52  Overlord  
  20  2:10  Queen  
  20  2:11  Queen  
  20  2:15  Metabolic Boost  
  24  2:23  Drone x3  
  24  2:26  Zergling x4  
  29  2:37  Zergling x2  
  30  2:47  Queen  
  32  3:05  Overlord x2  
  32  3:14  Overlord  
  32  3:17  Zergling x2  
  32  3:18  Zergling x4  
  35  3:25  Overlord x2  
  35  3:35  Lair  
  35  3:44  Drone x2  
  35  3:47  Zergling x8  
  41  4:16  Extractor  
  39  4:18  Drone x4  
  38  5:04  Roach Warren  
  37  5:12  Evolution Chamber  
  35  5:15  Evolution Chamber  
  35  5:18  Drone x4  
  38  5:23  Drone  
  38  5:32  Drone x14  
  52  5:41  Zerg Missile Weapons Level 1  
  52  5:42  Zerg Ground Armor Level 1  
  52  5:49  Drone  
  53  5:50  Drone x3  
  56  6:16  Hatchery  
  55  6:22  Extractor  
  54  6:29  Extractor  
  53  6:38  Drone x2  
  55  6:41  Roach  
  55  6:42  Roach x5  
  55  6:46  Overlord x5  
  67  6:49  Glial Reconstitution  
  67  6:57  Zergling x2  
  68  7:07  Hydralisk Den  
  65  7:40  Drone x2  
  65  7:41  Queen  
  68  7:49  Zerg Missile Weapons Level 2  
  68  7:50  Zerg Ground Armor Level 2  
  68  7:56  Roach  
  68  7:57  Roach x15  
  100  8:09  Overseer  
  100  8:10  Overseer  
  100  8:11  Overseer  
  100  8:13  Overseer  
  100  9:06  Roach  
  100  9:07  Roach x6  
  114  9:17  Overlord  
  114  9:18  Overlord x8  
  114  9:30  Extractor x2  
  112  9:44  Hydralisk x2  
  112  9:45  Hydralisk x3  
  122  10:26  Overseer  
  122  10:29  Overseer  
  122  10:34  Overseer x2  
  122  10:54  Hydralisk x6  
  122  10:55  Hydralisk x11  
  156  11:27  Hydralisk x7  
  156  11:28  Hydralisk x5  
  156  11:31  Overlord  
  180  11:43  Overseer x3  
Tags
 
League
Bronze
Matchup
PvZ
Replay Pack
replays
Spawn Locations
Cross Positions
Add a new tag
Caveats
  • Supply blocks, unpowered buildings, or Contaminate may cause inaccurate times.
  • Supply counts are checked every 10 seconds.